 Dungeon Crawl Stone Soup version 0.31-a0-1-g4198be8af4 (webtiles) character file.

Game seed: 11434039205304946089

10 Ahpoh the Grasshopper (level 2, 0/15 HPs)
             Began as a Vine Stalker Warper on May 2, 2023.
             Succumbed to a goblin's poison
             ... on level 2 of the Dungeon.
             The game lasted 00:02:23 (881 turns).

Ahpoh the Grasshopper (Vine Stalker Warper)          Turns: 881, Time: 00:02:23

Health: 0/15       AC:  3    Str: 13    XL:     2   Next: 20%
Magic:  6/6        EV: 11    Int: 13    God:
Gold:   38         SH:  0    Dex: 13    Spells: 5/5 levels left

rFire   . . .        a - +0 falchion
rCold   . . .        (no shield)
rNeg    . . .        b - +0 leather armour
rPois   .            (no helmet)
rElec   .            (no cloak)
rCorr   .            (no gloves)
SInv    .            (no boots)
Will    .....        (no amulet)
Stlth   +            (no ring)
HPRegen 0.22/turn    (no ring)
MPRegen 0.10/turn

%: guardian spirit
@: lethally poisoned (0 -> -2)
A: fangs 2, magic shield, antimagic bite, no potion heal 2
a: no special abilities


You were on level 2 of the Dungeon.
You visited 1 branch of the dungeon, and saw 2 of its levels.

You collected 38 gold pieces.

Inventory:

Hand Weapons
 a - a +0 falchion (weapon)
Missiles
 d - 7 boomerangs of dispersal (quivered)
Armour
 b - a +0 leather armour (worn)
Scrolls
 c - a scroll of blinking
 f - a scroll of butterflies {unknown}
 g - a scroll of teleportation {unknown}
 h - a scroll of magic mapping {unknown}
 i - a scroll of amnesia {unknown}
 j - a scroll of enchant weapon {unknown}
Potions
 e - a potion of curing {unknown}
 k - 2 potions of haste {unknown}
 l - a potion of resistance {unknown}


   Skills:
 + Level 1.8 Fighting
 + Level 1.8 Long Blades
 + Level 0.8 Throwing
 + Level 0.7 Armour
 + Level 1.9 Dodging
 + Level 2.2 Spellcasting
 + Level 3.2 Translocations


You had 5 spell levels left.
You didn't know any spells.
Your spell library contained the following spells:

 Spells                   Type           Power      Damage    Failure   Level
 Blink                    Tloc           18%        N/A       13%         2
 Lesser Beckoning         Tloc           18%        N/A       13%         2
 Teleport Other           Tloc           9%         N/A       26%         3
 Vhi's Electric Charge    Tloc/Air       10%        N/A       45%         3
 Manifold Assault         Tloc           9%         N/A       63%         4


Dungeon Overview and Level Annotations

Branches:
Dungeon (2/15)

Altars:

Shops:
D:1 =


Innate Abilities, Weirdness & Mutations

You have extremely sharp teeth.
When hurt, damage is shared between your health and your magic reserves.
Your bite disrupts and absorbs the magic of your enemies.
Potions cannot restore your health.


Message History

Found a leather armour.
Found an escape hatch in the floor.
You now have 38 gold pieces (gained 8).
A goblin comes into view. It is wielding a +2 dagger of venom.
Found 21 gold pieces.
The goblin shouts!
You hear an angry hiss.
You hear a shout!
A frilled lizard comes into view.
You barely miss the goblin.
The goblin hits you with a +2 dagger of venom.
You are poisoned.
You closely miss the goblin. You bite the goblin. You drain its power.
The goblin is severely wounded.
You feel very sick. The goblin misses you.
A kobold comes into view. It is wielding a +0 short sword.
You closely miss the goblin.
The goblin is severely wounded.
You feel sick. The goblin hits you but does no damage.
You are lethally poisoned!
You barely miss the goblin.
The goblin is severely wounded.
You feel very sick. The goblin barely misses you.
The frilled lizard closely misses you.
You barely miss the goblin. Your bite misses the goblin.
The goblin is severely wounded.
* * * LOW HITPOINT WARNING * * *
You feel very sick. The goblin closely misses you.
The frilled lizard closely misses you. The frilled lizard misses you.
The goblin barely misses you.
* * * LOW HITPOINT WARNING * * *
You feel sick.
* * * LOW HITPOINT WARNING * * *
You feel sick.
You closely miss the goblin.
The goblin is severely wounded.
* * * LOW HITPOINT WARNING * * *
You feel sick. The goblin completely misses you.
You barely miss the goblin.
The goblin is severely wounded.
You die...

..........#
#......<# ..#
#.###.#.....#
.....#.#..>#.#..##
........[......##
.....#.####.####
.....#. #..#
.......###.####
.......Kg@....#
..#.##l#####.....
#..# ###. ..$##
...## ##.. ..$ ...
..#


You could see a goblin, a kobold and a frilled lizard.

Vanquished Creatures
  2 endoplasms (D:1)
  3 goblins (D:1)
  A quokka (D:1)
  A kobold (D:1)
  2 rats (D:1)
9 creatures vanquished.

Notes
Turn   | Place    | Note
-------+----------+-------------------------------------------
     0 | D:1      | Ahpoh the Vine Stalker Warper began the quest for the Orb.
     0 | D:1      | Reached XP level 1. HP: 11/11 MP: 4/4
   496 | D:1      | Found Inuumye's Jewellery Shop.
   543 | D:1      | Reached XP level 2. HP: 14/15 MP: 6/6
   881 | D:2      | Succumbed to a goblin's poison

Illustrated notes

Levels and vault maps discovered:
D:1:      minmay_arrival_jagged, layout_basic, serial_shops,
          nicolae_shop_gaudy_bauble
D:2:      layout_rooms, grunt_ministairs_2, amcnicky_mini_rare_corridor_liquid

Action                     || total
---------------------------++-------
  Melee: Falchion          ||    30
         Bite              ||     2
   Stab: Sleeping          ||     3
 Armour: Leather armour    ||     6
  Dodge: Dodged            ||    16

Table legend: (Time is in decaauts)
 A = Elapsed time spent in this place.
 B = Non-inter-level travel time spent in this place.
 C = Inter-level travel time spent in this place.
 D = Time resting spent in this place.
 E = Time spent auto-exploring this place.
 F = Levels seen in this place.
 G = Mean time per level.
                   A        B        C        D        E       F      G
               +--------+--------+--------+--------+--------+-----+--------+
         Total |    887 |    876 |     11 |      0 |    737 |   2 |  443.5 |
       Dungeon |    887 |    876 |     11 |      0 |    737 |   2 |  443.5 |
               +--------+--------+--------+--------+--------+-----+--------+

Top non-repeatable levels by time:
     D:1: 859 daAuts
     D:2: 28 daAuts
